 Dungeon Crawl Stone Soup version 0.28.0-43-g3370ac3207 (webtiles) character file.

Game seed: 17062767747214913242

102 pkoi the Insei (level 4, -2/38 HPs)
             Began as a Draconian Monk on Mar 15, 2022.
             Slain by a steam dragon (8 damage)
             ... on level 3 of the Dungeon.
             The game lasted 00:02:17 (3110 turns).

pkoi the Insei (Draconian Monk)                     Turns: 3110, Time: 00:02:18

Health: -2/38      AC:  7    Str: 13    XL:     4   Next: 50%
Magic:  4/4        EV: 12    Int: 12    God:
Gold:   124        SH:  5    Dex: 14    Spells: 3/3 levels left

rFire   . . .      SeeInvis .     - Unarmed
rCold   . . .      Faith    .   (no shield)
rNeg    . . .      Spirit   .   (armour unavailable)
rPois   .          Reflect  +   (helmet restricted)
rElec   .          Harm     .   e - +1 cloak
rCorr   +          Rampage  .   (no gloves)
Will    .....                   (no boots)
Stlth   ++........              k - amulet of reflection
HPRegen 0.12/turn               h - ring of resist corrosion
MPRegen 0.09/turn               (no ring)

@: no status effects
A: AC +5, unfitting armour, cold-blooded
a: no special abilities


You were on level 3 of the Dungeon.
You visited 1 branch of the dungeon, and saw 3 of its levels.

You collected 124 gold pieces.

Inventory:

Hand Weapons
 c - a +1 whip
Missiles
 a - 6 poisoned darts (quivered)
 d - 4 atropa-tipped darts
Armour
 e - a +1 cloak (worn)
Jewellery
 h - a ring of resist corrosion (left hand)
 k - an amulet of reflection (around neck)
Scrolls
 b - a scroll of identify
 f - a scroll of holy word
 g - a scroll of vulnerability
 i - a scroll of magic mapping {unknown}
Potions
 l - a potion of lignification


   Skills:
 - Level 3.2 Fighting
 - Level 2.6 Dodging
 - Level 1.7 Stealth
 + Level 5.3 Unarmed Combat


You had 3 spell levels left.
You didn't know any spells.
Your spell library was empty.

Dungeon Overview and Level Annotations

Branches:
Dungeon (3/15)

Altars:


Innate Abilities, Weirdness & Mutations

Your plain brown scales are hard. (AC +5)
You cannot fit into any form of body armour.
You are cold-blooded and may be slowed by cold attacks.


Message History

No target in view!
No target in view!
No target in view!
No target in view!
No target in view!
No target in view!
No target in view!
No target in view!
No target in view!
No target in view!
You now have 124 gold pieces (gained 8).
There is a stone staircase leading down here.
A steam dragon comes into view.
A steam dragon is nearby!
A steam dragon is nearby!
You closely miss the steam dragon.
You tail-slap the steam dragon, but do no damage.
The steam dragon bites you! The steam dragon misses you.
You hit the steam dragon.
You tail-slap the steam dragon, but do no damage.
The steam dragon is moderately wounded.
The steam dragon barely misses you. The steam dragon misses you.
You hit the steam dragon but do no damage.
The steam dragon is moderately wounded.
The steam dragon bites you.
* * * LOW HITPOINT WARNING * * *
The steam dragon closely misses you.
You hit the steam dragon.
The steam dragon is moderately wounded.
The steam dragon breathes steam at you. The ball of steam hits you!!
Ouch! That really hurt!
* * * LOW HITPOINT WARNING * * *
You hit the steam dragon but do no damage.
You tail-slap the steam dragon, but do no damage.
The steam dragon is moderately wounded.
You are engulfed in a cloud of scalding steam.
* * * LOW HITPOINT WARNING * * *
The steam dragon bites you!
You die...

...#.##... ...#....#
....###.# ##......##
<........# ###.####.#
###..# #.#.##### ...#.#
#.....D.# ...#.# ###.
#@# ...#.# ...# #.#
...#.. #.###.#
...##+#### #.....#####
.........# #.........##
.........#
#............
.........#
#.........###
.........# #..........#
.........###..........#


You could see a steam dragon (catching breath).

Vanquished Creatures
  A jelly (D:2)
  3 adders (D:2)
  A worm (D:2)
  A dart slug (D:2)
  4 bats
  3 endoplasms
  3 giant cockroaches
  2 goblins
  2 hobgoblins
  2 jackals (D:2)
  3 kobolds
  A quokka (D:2)
  5 ball pythons
  A frilled lizard (D:1)
  6 rats
38 creatures vanquished.

Notes
Turn   | Place    | Note
-------+----------+-------------------------------------------
     0 | D:1      | pkoi the Draconian Monk began the quest for the Orb.
     0 | D:1      | Reached XP level 1. HP: 19/19 MP: 1/1
   663 | D:1      | Reached XP level 2. HP: 20/26 MP: 2/2
   962 | D:1      | Found a faded altar of an unknown god.
  1179 | D:2      | Reached skill level 4 in Unarmed Combat
  1426 | D:2      | Reached XP level 3. HP: 26/31 MP: 3/3
  2196 | D:2      | Reached skill level 5 in Unarmed Combat
  2196 | D:2      | Reached XP level 4. HP: 21/38 MP: 4/4
  3105 | D:3      | Noticed a steam dragon
  3110 | D:3      | Slain by a steam dragon

Illustrated notes

Levels and vault maps discovered:
D:1:      wander_arrival_lonely_grave, layout_loops_ring,
          shapermc_ecumenical_altar_pompeii
D:2:      layout_loops_ring, chequers_garden
D:3:      minmay_chambers_of_twos, layout_basic, nemelex_altar_shiori,
          grunt_ministairs_8, solitary_fountain,
          nicolae_concentric_dashed_squares_mild, serial_park_tiny_pond,
          ebering_dispersal_statue_hall

Skill      XL: |  1  2  3 |
---------------+----------+-----
Unarmed Combat | 4 5 |  5.3
Fighting       | |  3.2
Dodging        | |  2.6
Stealth        | |  1.7

Action                   |  1- 3 |  4- 6 || total
-------------------------+-------+-------++-------
Melee: Unarmed           |   124 |    38 ||   162
       Tailslap          |    11 |     5 ||    16
  Use: Scroll            |     2 |     4 ||     6
 Stab: Sleeping          |     5 |     1 ||     6
Armor: Skin              |    51 |    10 ||    61
Dodge: Dodged            |    67 |    25 ||    92
Block: Other             |     1 |    10 ||    11
